 Dungeon Crawl Stone Soup version 0.16-a0-1301-gf74d490 (console) character file.

109 Orcus the Ogre Mage (level 4, -5/41 HPs)
             Began as an Ogre Fire Elementalist on Oct 15, 2014.
             Was an Initiate of Ashenzari.
             Slain by a gnoll (6 damage)
             ... on level 3 of the Dungeon.
             The game lasted 00:06:45 (1400 turns).

Orcus the Ogre Mage (Ogre Fire Elementalist)        Turns: 1400, Time: 00:06:45

Health: -5/41      AC:  3    Str: 13    XL:     4   Next: 90%
Magic:  4/17       EV: 10    Int: 15    God:    Ashenzari [......]
Gold:   49         SH:  0    Dex: 10    Spells: 1 memorised, 7 levels left

rFire  . . .     SeeInvis .     e - +0 club
rCold  . . .     Clarity  .     a - +0 robe
rNeg   . . .     SustAb   .     (shield restricted)
rPois  .         Gourm    .     (helmet restricted)
rElec  .         Spirit   .     (no cloak)
rCorr  .         Warding  .     (gloves unavailable)
rMut   .         Stasis   .     (boots unavailable)
MR     .....                    j - cursed amulet of inaccuracy
Stlth  +.........               (no ring)
                                k - ring of magical power

@: very slightly contaminated, invisible, not resistant to hostile enchantments,
very unstealthy
A: unfitting armour, tough skin 1
a: Renounce Religion


You were on level 3 of the Dungeon.
You worshipped Ashenzari.
Ashenzari was noncommittal.
You were very hungry.

You visited 1 branch of the dungeon, and saw 4 of its levels.

You collected 49 gold pieces.

Inventory:

Hand weapons
 e - a +0 club (weapon)
 n - a +0 blowgun
 p - a +2 giant club
Missiles
 o - a poisoned needle
Armour
 a - a +0 robe (worn)
Jewellery
 j - a cursed amulet of inaccuracy (around neck)
 k - a ring of magical power (left hand)
Scrolls
 d - 4 scrolls of teleportation
Potions
 h - a potion of curing {unknown}
 l - a potion of lignification {unknown}
Books
 b - a book of Flames

   Spells                             Type                      Level
   *Flame Tongue                      Conjuration/Fire             1
   Throw Flame                        Conjuration/Fire             2
   Conjure Flame                      Conjuration/Fire             3
   Inner Flame                        Hexes/Fire                   3
   Sticky Flame                       Conjuration/Fire             4
   Fireball                           Conjuration/Fire             5
Comestibles
 c - a meat ration
 f - 2 beef jerkies
 g - 2 bread rations
 m - a rotting chunk of quokka flesh


   Skills:
 + Level 1.5 Fighting
 * Level 2.3 Maces & Flails
 * Level 0.9 Throwing
 - Level 2.0 Dodging
 + Level 1.8 Stealth
 + Level 2.8 Spellcasting
 * Level 1.5 Conjurations
 * Level 2.7 Fire Magic


You had 7 spell levels left.
You knew the following spells:

 Your Spells              Type           Power        Failure   Level  Hunger
a - Flame Tongue          Conj/Fire      #....        12%         1    #......


Dungeon Overview and Level Annotations

Branches:
Dungeon (4/15)
 Temple: D:4-7

Altars:
Ashenzari
Gozag


Innate Abilities, Weirdness & Mutations

You are too large for most types of armour.
You have tough skin (AC +1).


Message History

Confirm with . or Enter, or press ? or * to list all spells.
Aiming: Flame Tongue
Press: ? - help, Shift-Dir - straight line, f/p - gnoll
Aim: a gnoll, wielding a whip (lightly wounded)
The flame tongue hits the gnoll.
The gnoll is heavily wounded.
The gnoll closely misses you. The gnoll barely misses you.
The gnoll hits you with a whip!
* * * LOW HITPOINT WARNING * * *
Casting: Flame Tongue
Confirm with . or Enter, or press ? or * to list all spells.
Aiming: Flame Tongue
Press: ? - help, Shift-Dir - straight line, f/p - gnoll
Aim: a gnoll, wielding a whip (heavily wounded)
The flame tongue hits the gnoll.
You kill the gnoll!
The gnoll hits you from afar with a spear!
* * * LOW HITPOINT WARNING * * *
The gnoll hits you.
You die...

... #.# #.# .#.
#.# #
##.#.####.##.#..#
.....gg.........#
.....g###g##.#..#
####.###g# ..
#####...#)@# ##
.......8..#.#
#####...##.#
##.###.# #.# ...
#.# .#. #.# . .#
##.### .# #...# .


You could see 2 gnolls.

Vanquished Creatures
  A hound (D:4)
  2 gnolls (D:3)
  A worm (D:2)
  3 giant geckos
  An ooze (D:1)
  2 ball pythons (D:1)
  3 giant cockroaches
  6 goblins
  5 hobgoblins
  6 jackals
  11 kobolds
  A quokka (D:2)
  A bat (D:1)
  2 giant newts
  An orc skeleton (D:4)
  2 rats
48 creatures vanquished.

Notes
Turn   | Place    | Note
--------------------------------------------------------------
     0 | D:1      | Orcus, the Ogre Fire Elementalist, began the quest for the Orb.
     0 | D:1      | Reached XP level 1. HP: 16/16 MP: 3/3
   158 | D:1      | Reached XP level 2. HP: 9/24 MP: 1/5
   222 | D:1      | Reached skill level 1 in Maces & Flails
   501 | D:1      | Reached skill level 1 in Fighting
   545 | D:1      | Reached skill level 1 in Conjurations
   661 | D:1      | Reached XP level 3. HP: 25/33 MP: 6/6
  1027 | D:2      | Found an opulent altar of Gozag.
  1204 | D:3      | Reached XP level 4. HP: 36/41 MP: 7/8
  1218 | D:3      | Found a shattered altar of Ashenzari.
  1326 | D:3      | Became a worshipper of Ashenzari the Shackled
  1400 | D:3      | HP: 1/41 [gnoll/spear (7)]
  1400 | D:3      | Slain by a gnoll

Action                   |  1- 3 |  4- 6 || total
-------------------------+-------+-------++-------
Melee: Unarmed           |    12 |       ||    12
       Club              |    14 |       ||    14
 Cast: Flame Tongue      |    88 |    26 ||   114
  Use: Scroll            |     4 |       ||     4
       Potion            |       |     1 ||     1
  Eat: Chunk             |     2 |       ||     2
